 Dungeon Sprint DCSS version 0.18.1-48-g4cf74bf (webtiles) character file.

443 Neosonic97 the Transmogrifier (level 6, -10/61 HPs)
             Began as a Draconian Transmuter on Sept 9, 2016.
             Mangled by a slime creature (18 damage)
             ... in the Dungeon (Sprint I: "Red Sonja").
             The game lasted 00:01:47 (370 turns).

Neosonic97 the Transmogrifier (Draconian Transmuter) Turns: 370, Time: 00:01:48

Health: -10/61     AC:  6    Str: 14    XL:     6   Next: 71%
Magic:  3/9        EV: 16    Int: 13    God:
Gold:   297        SH:  0    Dex: 12    Spells: 2 memorised, 3 levels left

rFire  . . .     SeeInvis .       - Unarmed
rCold  . . .     Gourm    .     (armour unavailable)
rNeg   . . .     Faith    .     (shield currently unavailable)
rPois  .         Spirit   .     (helmet restricted)
rElec  .         Dismiss  .     (no cloak)
rCorr  .         Reflect  .     (gloves currently unavailable)
SustAt .         Harm     .     (no boots)
MR     .....     NoTele   +     (no amulet)
Stlth  +.........               (no ring)
                                (no ring)

@: blade hands, not resistant to hostile enchantments, very unstealthy
A: unfitting armour, stinger 1, cold-blooded, AC +6
a: End Transformation


You were in the Dungeon.
You were not hungry.
You had blades for hands.
You visited 1 branch You collected 297 gold pieces.

Inventory:

Missiles
 a - 12 arrows
Scrolls
 e - a scroll of remove curse {unknown}
 i - a scroll of blinking
Potions
 f - a potion of haste
 g - 2 potions of magic
 h - a potion of berserk rage
Books
 b - a book of Changes

   Spells                             Type                      Level
   a - Beastly Appendage              Transmutation                1
   b - Sticks to Snakes               Transmutation                2
   c - Spider Form                    Transmutation/Poison         3
   d - Ice Form                       Ice/Transmutation            4
   e - Blade Hands                    Transmutation                5
Comestibles
 c - a bread ration
 j - 6 chunks of flesh


   Skills:
 * Level 8.0 Fighting
 * Level 8.5 Dodging
 - Level 3.0 Unarmed Combat
 - Level 2.0 Spellcasting
 * Level 8.9 Transmutations


You had 3 spell levels left.
You knew the following spells:

 Your Spells              Type           Power        Failure   Level  Hunger
a - Beastly Appendage     Trmt           ###...       14%         1    ##.....
b - Blade Hands           Trmt           ###.......   63%         5    ######.


Dungeon Overview and Level Annotations

Branches:
Dungeon (1/1)

Altars:
Cheibriados
Dithmenos
Elyvilon
Fedhas
Gozag
Kikubaaqudgha
Makhleb
Nemelex Xobeh
Okawaru
Pakellas
Qazlal
Ru
Sif Muna
Vehumet
Xom
Yredelemnul
Zin
The Shining One
Jiyva

Shops:
D (


Innate Abilities, Weirdness & Mutations

Your plain brown scales are hard (AC +6).
Your body does not fit into most forms of armour.
You are cold-blooded and may be slowed by cold attacks.
Your tail ends in a poisonous barb.


Message History

The slime creature is severely wounded.
The slime creature hits you!
* * * LOW HITPOINT WARNING * * *
You slash the slime creature!
The slime creature is almost dead.
The slime creature closely misses you.
You hit the slime creature. You tail-slap the slime creature.
The slime creature is almost dead.
You barely miss the slime creature.
The slime creature is almost dead.
The slime creature hits you!
* * * LOW HITPOINT WARNING * * *
Drink which item? (? for menu, Esc to quit)
It was a potion of beneficial mutation.
A poisonous barb forms on the end of your tail.
You feel fantastic! The slime creature closely misses you.
You hit the slime creature.
The slime creature is almost dead.
The slime creature hits you!!
You die...

###################
#<.#..)..#..'..#__#
#..').#..').#..@J.+
#..#####'#####'#__#
## #..#
#..#...#.####!(#
#..#__####..##)#§≈§§
#..#_.___##'#..+≈§§
#⌠⌠#_.∩...'..._#
####_..._##_.#+#
#____ ##+# ####


You could see a slime creature.

Vanquished Creatures
  Sigmund (D)
  A yak (D)
  An ogre (D)
  A jelly (D)
  Ijyb (D)
5 creatures vanquished.

Notes
Turn   | Place    | Note
--------------------------------------------------------------
     0 | D        | Neosonic97 the Draconian Transmuter began the quest for the Orb.
     0 | D        | Reached XP level 1. HP: 16/16 MP: 3/3
     2 | D        | Noticed Ijyb
    17 | D        | Killed Ijyb
    17 | D        | Reached XP level 2. HP: 24/26 MP: 3/5
    42 | D        | Noticed an ogre
    51 | D        | Killed an ogre
    51 | D        | Reached skill level 5 in Fighting
    51 | D        | Reached skill level 5 in Dodging
    51 | D        | Reached skill level 5 in Transmutations
    51 | D        | Reached XP level 3. HP: 36/36 MP: 4/6
    51 | D        | Reached XP level 4. HP: 42/42 MP: 4/7
    63 | D        | Noticed Sigmund
    90 | D        | HP: 2/42 [Sigmund/scythe (11)]
   101 | D        | Killed Sigmund
   101 | D        | Reached XP level 5. HP: 26/51 MP: 8/8
   101 | D        | Reached XP level 6. HP: 30/58 MP: 9/9
   117 | D        | Learned a level 5 spell: Blade Hands
   131 | D        | Found a deep blue altar of Sif Muna.
   134 | D        | Found a radiant altar of Vehumet.
   333 | D        | Found Pextax's Antique Weapon Emporium.
   333 | D        | Found a white marble altar of Elyvilon.
   333 | D        | Found a stormy altar of Qazlal.
   333 | D        | Found a burning altar of Makhleb.
   333 | D        | Found a sacrificial altar of Ru.
   333 | D        | Found an oddly glowing altar of Pakellas.
   333 | D        | Found a basalt altar of Yredelemnul.
   333 | D        | Found a glowing golden altar of the Shining One.
   333 | D        | Found a sparkling altar of Nemelex Xobeh.
   333 | D        | Found a shimmering altar of Xom.
   333 | D        | Found an opulent altar of Gozag.
   333 | D        | Found an ancient bone altar of Kikubaaqudgha.
   333 | D        | Found a glowing silver altar of Zin.
   333 | D        | Noticed a yak
   340 | D        | Killed a yak
   341 | D        | Found an iron altar of Okawaru.
   359 | D        | Found a snail-covered altar of Cheibriados.
   359 | D        | Found a viscous altar of Jiyva.
   359 | D        | Found a shadowy altar of Dithmenos.
   359 | D        | Found a blossoming altar of Fedhas.
   359 | D        | Noticed a slime creature
   369 | D        | Gained mutation: Your tail ends in a poisonous barb. [potion of beneficial mutation]
   370 | D        | Mangled by a slime creature

Skill      XL: |  1  2  3  4  5  6 |
---------------+-------------------+-----
Fighting       | 3 5 6 8 |  8.0
Dodging        | 3 5 7 8 |  8.5
Transmutations | 3 5 7 8 |  8.9
Unarmed Combat | |  3.0
Spellcasting   | |  2.0

Action                   |  1- 3 |  4- 6 || total
-------------------------+-------+-------++-------
Melee: Unarmed           |    19 |    49 ||    68
       Headbutt          |     3 |       ||     3
       Tailslap          |     3 |     9 ||    12
       Kick              |     1 |     7 ||     8
 Cast: Beastly Appendage |     3 |     2 ||     5
       Blade Hands       |       |     3 ||     3
  Use: Potion            |       |     3 ||     3
Armor: Skin              |     2 |     1 ||     3
Dodge: Dodged            |    13 |    21 ||    34
